 Dungeon Crawl Stone Soup version 0.30-a0-711-gf4ac18a38d (webtiles) character file.

Game seed: 2475521970055927664

1744 Farfigtubin the Destroyer (level 8, -4/59 HPs)
             Began as a Red Draconian Conjurer on Jan 23, 2023.
             Was an Initiate of Vehumet.
             Slain by Joseph
             ... wielding a +0 quarterstaff
              (17 damage)
             ... on level 8 of the Dungeon.
             The game lasted 00:33:11 (5814 turns).

Farfigtubin the Destroyer (Red Draconian Conjurer)  Turns: 5814, Time: 00:33:11

Health: -4/59      AC:  6    Str: 10    XL:     8   Next: 77%
Magic:  5/17       EV: 12    Int: 21    God:    Vehumet [......]
Gold:   338        SH:  0    Dex:  9    Spells: 17/20 levels left

rFire   + . .      SeeInvis .    (no weapon)
rCold   . . .      Faith    .    (no shield)
rNeg    . . .      Spirit   .    (body armour unavailable)
rPois   +          Reflect  .    (helmet restricted)
rElec   .          Harm     .    (no cloak)
rCorr   .          Rampage  .    (no gloves)
Will    .....                    (no boots)
Stlth   ++                       j - amulet of regeneration
HPRegen 1.09/turn                f - ring of poison resistance
MPRegen 0.15/turn                (no ring)

@: no status effects
A: breathe fire, AC +6, unfitting armour, fire resistance 1, cold-blooded
a: Breathe Fire, Renounce Religion


You were on level 8 of the Dungeon.
You worshipped Vehumet.
Vehumet was noncommittal.
You visited 2 branches of the dungeon, and saw 9 of its levels.

You collected 338 gold pieces.

Inventory:

Magical Staves
 A - a staff of death
Jewellery
 f - a ring of poison resistance (left hand)
 j - an amulet of regeneration (around neck)
 q - a ring of resist corrosion
Wands
 n - a wand of iceblast (7)
 w - a wand of paralysis (4)
Scrolls
 b - a scroll of magic mapping {unknown}
 g - 2 scrolls of immolation
 h - a scroll of teleportation {unknown}
 i - a scroll of amnesia {unknown}
 l - 2 scrolls of enchant armour
 o - 2 scrolls of fog {unknown}
 s - 6 scrolls of identify {unknown}
 t - a scroll of noise {unknown}
 x - a scroll of summoning {unknown}
 y - a scroll of poison {unknown}
Potions
 a - a potion of magic
 c - 3 potions of heal wounds {unknown}
 d - a potion of resistance {unknown}
 e - 2 potions of attraction {unknown}
 k - 2 potions of flight {unknown}
 m - 3 potions of curing {unknown}
 p - a potion of degeneration {unknown}
 r - 2 potions of haste {unknown}
 u - 2 potions of brilliance {unknown}
 v - a potion of lignification {unknown}
 z - a potion of berserk rage {unknown}


   Skills:
 + Level 1.2 Fighting
 + Level 3.9 Dodging
 + Level 3.2 Stealth
 + Level 0.2 Unarmed Combat
 + Level 6.5 Spellcasting
 + Level 8.5 Conjurations


You had 17 spell levels left.
You knew the following spells:

 Your Spells              Type           Power      Damage    Failure   Level
a - Magic Dart            Conj           100%       1d8       1%          1
b - Searing Ray           Conj           84%        2d7       1%          2

Your spell library contained the following spells:

 Spells                   Type           Power      Damage    Failure   Level
 Dazzling Flash           Conj/Hex       48%        N/A       4%          3
 Hailstorm                Conj/Ice       24%        3d7       4%          3
 Freeze                   Ice            24%        1d4       10%         1
 Fulminant Prism          Conj/Hex       12%        3d8       16%         4
 Iskenderun's Mystic Bla  Conj/Tloc      24%        2d7       16%         4
 Frozen Ramparts          Ice            12%        1d2       28%         3


Dungeon Overview and Level Annotations

Branches:
Dungeon (8/15)             Temple (1/1) D:6
   Lair: D:8-11

Altars:
Ashenzari
Cheibriados
Dithmenos
Elyvilon
Gozag
Hepliaklqana
Makhleb
Nemelex Xobeh
Okawaru
Qazlal
Sif Muna
Trog
Uskayaw
Vehumet
Wu Jian
Yredelemnul
Zin
The Shining One

Shops:
D:5 (

Annotations:
D:8 Joseph


Innate Abilities, Weirdness & Mutations

You can breathe blasts of fire.
Your fiery red scales are hard. (AC +6)
You cannot fit into any form of body armour.
Your flesh is heat resistant. (rF+)
You are cold-blooded and may be slowed by cold attacks.


Message History

Casting: Searing Ray (safe; 1% risk of failure)
Confirm with . or Enter, or press ? or * to list all spells.
Aiming: Searing Ray (safe; 1% risk of failure)
Press: ? - help, Shift-Dir - straight line, f/p - Joseph
Aim: Joseph, wielding a +0 quarterstaff and wearing a +0 leather armour (lightly wounded, 82% to hit)
The searing ray hits Joseph.
Joseph is lightly wounded. (Press . to maintain the ray.) Joseph hits you with a +0 quarterstaff!
The searing ray hits Joseph.
Joseph is moderately wounded.
Joseph hits you with a +0 quarterstaff!
The searing ray hits Joseph.
Joseph is moderately wounded.
Joseph closely misses you.
The searing ray hits Joseph!
Joseph is heavily wounded.
You finish channelling your searing ray.
Joseph says, "You will never get the ORB, sorry."
Joseph closely misses you.
Casting: Searing Ray (safe; 1% risk of failure)
Confirm with . or Enter, or press ? or * to list all spells.
Aiming: Searing Ray (safe; 1% risk of failure)
Press: ? - help, Shift-Dir - straight line, f/p - Joseph
Aim: Joseph, wielding a +0 quarterstaff and wearing a +0 leather armour (heavily wounded, 82% to hit)
The searing ray misses Joseph. (Press . to maintain the ray.) Joseph hits you with a +0 quarterstaff!
The searing ray hits Joseph.
Joseph is severely wounded.
Joseph hits you with a +0 quarterstaff!
The searing ray hits Joseph.
Joseph is severely wounded.
Joseph hits you with a +0 quarterstaff!
* * * LOW HITPOINT WARNING * * *
The searing ray hits Joseph.
Joseph is severely wounded.
You finish channelling your searing ray.
Joseph hits you with a +0 quarterstaff!
You die...

#....#
#....#
#....#
##....#
#.....#
.....##
#.....#
#<..# #@@.#
#.......#
#........#
#...........
#...........
.........###
..###.....#
.## ##.....


You could see Joseph.

Vanquished Creatures
  A steam dragon (D:7)
  2 sky beasts
  3 black bears
  A centaur (D:6)
  A phantom (D:7)
  A bullfrog (D:5)
  4 scorpions
  A necrophage (D:5)
  5 orc priests
  2 hounds
  2 jellies (D:5)
  A gnoll bouda (D:7)
  An orc wizard (D:5)
  Natasha (thrice) (D:2)
  3 iguanas
  3 gnolls (D:7)
  5 adders
  A worm (D:3)
  A dart slug (D:1)
  20 orcs
  3 endoplasms
  3 giant cockroaches
  12 goblins
  9 hobgoblins
  2 jackals (D:2)
  8 quokkas
  6 ball pythons
  5 bats
  3 frilled lizards
  7 kobolds
  10 rats
129 creatures vanquished.

Vanquished Creatures (others)
  A plant (D:6)
1 creature vanquished.

Grand Total: 130 creatures vanquished

Notes
Turn   | Place    | Note
-------+----------+-------------------------------------------
     0 | D:1      | Farfigtubin the Draconian Conjurer began the quest for the
                  | Orb.
     0 | D:1      | Reached XP level 1. HP: 14/14 MP: 3/3
   321 | D:1      | Reached XP level 2. HP: 20/20 MP: 3/5
   876 | D:1      | Learned a level 2 spell: Searing Ray
   910 | D:1      | Reached XP level 3. HP: 26/26 MP: 0/6
  1310 | D:2      | Noticed Natasha
  1321 | D:2      | Killed Natasha
  1322 | D:2      | Reached skill level 5 in Conjurations
  1390 | D:2      | Reached XP level 4. HP: 29/33 MP: 0/8
  1533 | D:2      | Noticed Natasha
  1538 | D:2      | Killed Natasha
  1870 | D:2      | Noticed Natasha
  1884 | D:2      | Killed Natasha
  1885 | D:2      | Reached XP level 5. HP: 38/38 MP: 3/9
  2413 | D:3      | Noticed a black bear
  2441 | D:3      | Killed a black bear
  2704 | D:3      | Reached XP level 6. HP: 42/45 MP: 3/11
  2866 | D:3      | Reached skill level 6 in Conjurations
  4186 | D:5      | Entered Level 5 of the Dungeon
  4214 | D:5      | Your scales start taking on a fiery red colour.
  4214 | D:5      | Reached XP level 7. HP: 51/51 MP: 7/13
  4214 | D:5      | Gained mutation: Your flesh is heat resistant. (rF+) [Red
                  | Draconian growth]
  4232 | D:5      | Found a shadowy altar of Dithmenos.
  4364 | D:5      | Reached skill level 7 in Conjurations
  4528 | D:5      | Reached skill level 5 in Spellcasting
  4604 | D:5      | Found Peed's Weapon Shop.
  4624 | D:5      | Reached XP level 8. HP: 58/58 MP: 3/15
  4734 | D:5      | Found a shimmering blue altar of Sif Muna.
  5143 | D:6      | Found a staircase to the Ecumenical Temple.
  5158 | D:6      | Found a hide-covered altar of Uskayaw.
  5166 | Temple   | Entered the Ecumenical Temple
  5284 | Temple   | Became a worshipper of Vehumet
  5334 | D:6      | You fall into a shaft and drop 1 floor!
  5400 | D:7      | Reached skill level 8 in Conjurations
  5592 | D:7      | Reached skill level 1 in Fighting
  5707 | D:8      | Noticed Joseph
  5814 | D:8      | Slain by Joseph

Illustrated notes

Levels and vault maps discovered:
D:1:      dpeg_chamrin_arrival_tetris, layout_basic, hangedman_feature_mirror,
          minmay_misc_feat_doors
D:2:      kennysheep_the_goblin_king, layout_loops_ring, uniq_natasha
D:3:      layout_basic
D:4:      layout_loops_ring, minmay_checkerbox
D:5:      layout_rooms, mainiacjoe_overflow_brackets, general_overflow_altar,
          serial_shops, shop
D:6:      layout_rooms, overflow_temple_1_default, minmay_temple_entry_overgrown
D:7:      layout_loops_ring, grunt_temple_overflow_growth_and_decay,
          minmay_misc_feat_encased, kennysheep_generic_room_8
D:8:      layout_layer_cave, xom_butterflies, uniq_joseph
Temple:   minmay_freezing_vapour_temple

Skill      XL: |  1  2  3  4  5  6  7  8 |
---------------+-------------------------+-----
Stealth        | 2 3 |  3.2
Conjurations   | 5 6 7 8 |  8.5
Dodging        | 2 3 |  3.9
Spellcasting   | 3 4 5 6 |  6.5
Fighting       | 1 |  1.2
Unarmed Combat | |  0.2

Action                     |  1- 3 |  4- 6 |  7- 9 || total
---------------------------+-------+-------+-------++-------
  Melee: Unarmed           |     1 |       |     1 ||     2
         Tailslap          |       |       |     1 ||     1
   Cast: Magic Dart        |    63 |   101 |    93 ||   257
         Searing Ray       |     2 |     8 |    19 ||    29
    Use: Scroll            |       |     2 |       ||     2
 Armour: Skin              |     8 |     8 |    26 ||    42
  Dodge: Dodged            |    19 |    16 |    50 ||    85

Table legend: (Time is in decaauts)
 A = Elapsed time spent in this place.
 B = Non-inter-level travel time spent in this place.
 C = Inter-level travel time spent in this place.
 D = Time resting spent in this place.
 E = Time spent auto-exploring this place.
 F = Levels seen in this place.
 G = Mean time per level.
                   A        B        C        D        E       F      G
               +--------+--------+--------+--------+--------+-----+--------+
         Total |   5813 |   5757 |     56 |   1329 |   1464 |   9 |  645.9 |
       Dungeon |   5689 |   5633 |     56 |   1258 |   1464 |   8 |  711.1 |
        Temple |    123 |    123 |      0 |     71 |      0 |   1 |  123.0 |
               +--------+--------+--------+--------+--------+-----+--------+

Top non-repeatable levels by time:
     D:3: 1289 daAuts
     D:1: 1246 daAuts
     D:5: 978 daAuts
     D:2: 844 daAuts
     D:4: 803 daAuts
     D:7: 417 daAuts
  Temple: 123 daAuts
     D:6: 95 daAuts
     D:8: 13 daAuts
